[Event "*** Titled Tuesday 3|2 Blitz"]
[Site "Chess.com"]
[Date "2015.11.03"]
[Round "1"]
[White "spectralsoul"]
[Black "Saitama_Hero"]
[Result "1-0"]
[WhiteElo "2479"]
[BlackElo "2160"]
[TimeControl "180+2"]
[EndTime "11:03:10 PST"]
[Termination "spectralsoul won by resignation"]

1. c4 Nf6 2. Nc3 g6 3. g3 d5 4.
cxd5 Nxd5 5. Qb3 Nb6 6. Bg2 Bg7 7. Nf3 O-O 8. O-O a5 9. d4 a4 10. Qc2 Nc6 11. Rd1 Bf5 12. e4 Bg4 13. d5 Bxf3 14.
Bxf3 Nd4 15. Qd3 Nxf3+ 16. Qxf3 Nc4 17. Qe2 Ne5 18. f4 Nd7 19. e5 c6 20. Be3 f6 21.
dxc6 1-0

[Event "*** Titled Tuesday 3|2 Blitz"]
[Site "Chess.com"]
[Date "2015.11.03"]
[Round "1"]
[White "E-Shaposhnikov"]
[Black "darsen_sanzhaev"]
[Result "1-0"]
[WhiteElo "2565"]
[BlackElo "2232"]
[TimeControl "180+2"]
[EndTime "11:05:16 PST"]
[Termination "E-Shaposhnikov won by resignation"]

1. e4 c5 2. Nf3 e6 3. d3 Nc6 4. g3 d5 5. Qe2 Nf6 6. Bg2 Be7 7. O-O O-O 8. e5 Nd7 9. c4 dxc4 10. dxc4 Qc7 11. Bf4 b6 12. Nc3 a6 13. Rad1 Bb7 14.
h4 Rfd8 15. Rfe1 Rab8 16. Nd5 exd5 17. cxd5 Nd4 18. Nxd4 cxd4 19. d6 Bxd6 20. exd6 Qc5 21. Bxb7 Rxb7 22. Rc1 Qd5 23. Qe8+ Rxe8 24. Rxe8+ Nf8 25.
Rxf8+ 1-0

[Event "*** Titled Tuesday 3|2 Blitz"]
[Site "Chess.com"]
[Date "2015.11.03"]
[Round "1"]
[White "Rating-Schmating"]
[Black "Zkid"]
[Result "0-1"]
[WhiteElo "1949"]
[BlackElo "2375"]
[TimeControl "180+2"]
[EndTime "11:05:37 PST"]
[Termination "Zkid won by checkmate"]

1. e4 c5 2. Nf3 d6 3. d4 cxd4 4. Nxd4 Nf6 5. Nc3 a6 6. Be3 e5 7.
Nb3 Be7 8. a4 O-O 9. Be2 Be6 10.
O-O Nc6 11. Kh1 d5 12. exd5 Nxd5 13. Nxd5 Bxd5 14. Bf3 e4 15. Be2 f5 16. c4 Be6 17.
Qxd8 Raxd8 18. Rad1 f4 19. Bc5 f3 20. gxf3 exf3 21.
Rxd8 fxe2 22. Rxf8+ Bxf8 23. Re1 Bxc4 24. Bxf8 Bxb3 25.
Bxg7 Kxg7 26. Rxe2 Bxa4 27. Kg2 Bb3 28. Re3 Bd5+ 29. Kg3 Kf6 30. f4 Nd4 31. Rd3 Ne2+ 32. Kg4 h5+ 33. Kh4 Nxf4 34. Rd4 Ke5 35. Rb4 b5 36.
Kg5 Bc4 37. b3 a5 38. bxc4 axb4 39. cxb5 b3 40. b6 b2 41. b7 b1=Q 42. b8=Q+ Qxb8 43. h4 Qg8+ 44. Kh6 Qg6# 0-1

[Event "*** Titled Tuesday 3|2 Blitz"]
[Site "Chess.com"]
[Date "2015.11.03"]
[Round "1"]
[White "xdb"]
[Black "GrigorGrigorov"]
[Result "0-1"]
[WhiteElo "2121"]
[BlackElo "2436"]
[TimeControl "180+2"]
[EndTime "11:05:57 PST"]
[Termination "GrigorGrigorov won by resignation"]

1. e4 g6 2. d4 Bg7 3. Nf3 d6 4. Nc3 Nf6 5. Be2 O-O 6. O-O c6 7.
b3 Qc7 8. Bb2 e5 9. a4 Re8 10.
dxe5 dxe5 11. a5 Bg4 12. Nd2 Bxe2 13. Qxe2 Nbd7 14. Rfd1 Nc5 15. Nc4 Ne6 16. a6 b5 17.
Nd6 Nd4 18. Rxd4 exd4 19. Nxe8 Rxe8 20. Nd1 Rxe4 21. Qd2 Qe5 22. f3 Re1+ 23. Kf2 Rh1 24. Bxd4 Ng4+ 25. fxg4 Qxd4+ 0-1

[Event "*** Titled Tuesday 3|2 Blitz"]
[Site "Chess.com"]
[Date "2015.11.03"]
[Round "1"]
[White "vellottiwizard"]
[Black "AnastasiaProtopopova"]
[Result "1-0"]
[WhiteElo "2331"]
[BlackElo "1797"]
[TimeControl "180+2"]
[EndTime "11:06:22 PST"]
[Termination "vellottiwizard won by resignation"]

1. e4 e5 2. Nf3 Nc6 3. Bb5 a6 4. Ba4 Nf6 5. O-O Be7 6. d4 b5 7.
Bb3 exd4 8. e5 Ne4 9. Bd5 Nc5 10. Nxd4 Bb7 11. Nf5 O-O 12. Qg4 g6 13. Re1 Kh8 14.
Bh6 Rg8 15. Nxe7 Qxe7 16. Bg5 Nxe5 17. Bxe7 Nxg4 18. Bxb7 Nxb7 19. f3 Nh6 20. Bf6+ Rg7 21. Nc3 Ng8 22. Bxg7+ Kxg7 23. Rad1 d6 24. a4 b4 25. Nd5 a5 26. Nxc7 Rc8 27. Ne8+ Kf8 28. Nxd6 Nxd6 29. Rxd6 Rxc2 30. Rd5 Rxb2 31. Rxa5 Ra2 32.
Rb1 Ne7 33. Rxb4 Nc6 34. Ra8+ Kg7 35. Re4 f5 36. Re1 Nd4 37. h4 f4 38. Ra7+ Kh6 39. Ree7 Ne2+ 40. Kh2 g5 41. Ra6+ 1-0

[Event "*** Titled Tuesday 3|2 Blitz"]
[Site "Chess.com"]
[Date "2015.11.03"]
[Round "1"]
[White "sorito"]
[Black "DrHolmes13"]
[Result "1-0"]
[WhiteElo "2086"]
[BlackElo "2346"]
[TimeControl "180+2"]
[EndTime "11:06:32 PST"]
[Termination "sorito won by resignation"]

1. d4 d5 2. Nf3 Nf6 3. c4 e6 4. g3 dxc4 5. Bg2 a6 6. Ne5 Bb4+ 7. Nc3 O-O 8. O-O c5 9. dxc5 Qc7 10.
Nxc4 Qxc5 11. Qb3 Nc6 12. Be3 Qe7 13. Nb6 Rb8 14. Rfd1 Bd7 15. Bg5 Rfd8 16. Bxf6 gxf6 17. Nxd7 Rxd7 18. Rxd7 Qxd7 19. Bxc6 bxc6 20. Rd1 Qa7 21. Qc4 Qc5 22. Qxc5 Bxc5 23. b3 f5 24. Na4 Bb4 25.
Rd7 a5 26. Nb2 Rb5 27. Nd3 h6 28. Rc7 Rb6 29. Kg2 Kg7 30. f4 Bd6 31. Rd7 Bb4 32. Kf3 Bc3 33. Nc5 Kg6 34. Rd3 Bf6 35. h4 Rb5 36. Nd7 Rb4 37. h5+ Kg7 38. Nc5 Rb5 39. Na4 Rb4 40. Rd7 Rb5 41. Rc7 Rd5 42. Rxc6 Rd2 43. Rc7 Rxa2 44. Nc5 Kf8 45. Rc8+ Kg7 46.
Rc7 Kf8 47. Nd7+ Kg7 48. Rb7 Rb2 49. Nc5 Kf8 50. Rb5 Bd4 51. Nd3 Bc3 52. Nxb2 Bxb2 53.
Rxa5 1-0

[Event "*** Titled Tuesday 3|2 Blitz"]
[Site "Chess.com"]
[Date "2015.11.03"]
[Round "1"]
[White "SerGo055"]
[Black "Entilza"]
[Result "1-0"]
[WhiteElo "2375"]
[BlackElo "2037"]
[TimeControl "180+2"]
[EndTime "11:06:53 PST"]
[Termination "SerGo055 won by resignation"]

1. d4 Nf6 2. Nf3 e6 3. c4 d5 4. Nc3 Be7 5. Bg5 O-O 6. e3 h6 7. Bh4 Ne4 8. Bxe7 Qxe7 9. Bd3 Nxc3 10. bxc3 Nd7 11. O-O Nf6 12. Ne5 b6 13. a4 a5 14.
Qc2 Bb7 15. Rab1 dxc4 16. Bxc4 Rfd8 17. Bd3 Nd7 18. Be4 Bxe4 19. Qxe4 Nxe5 20. Qxe5 Qd6 21.
Qe4 Qd5 22. Qxd5 Rxd5 23. c4 Rd7 24. Rfc1 Rb8 25. c5 Kf8 26. Rb5 Ke7 27. Rcb1 Rd5 28. Kf1 f5 29. Ke2 Kd7 30. Kd3 Kc6 31. Kc4 Rbd8 32.
cxb6 Rxb5 33. bxc7 Rb4+ 34. Rxb4 Rc8 35. Rb5 Rxc7 36.
Rc5+ 1-0

[Event "*** Titled Tuesday 3|2 Blitz"]
[Site "Chess.com"]
[Date "2015.11.03"]
[Round "1"]
[White "jcgs1030"]
[Black "Lupul_Cenusiu"]
[Result "0-1"]
[WhiteElo "2141"]
[BlackElo "2401"]
[TimeControl "180+2"]
[EndTime "11:07:04 PST"]
[Termination "Lupul_Cenusiu won by resignation"]

1. e4 d6 2. d4 Nf6 3. Nc3 g6 4. f4 Bg7 5. Nf3 O-O 6. Bd3 Na6 7. O-O c5 8. d5 Bg4 9. h3 Bxf3 10. Qxf3 Nb4 11. a3 Nxd3 12. cxd3 Rc8 13. Be3 Qa5 14.
Rfc1 a6 15. Bd2 Qc7 16. b4 cxb4 17. axb4 Nd7 18. Kh2 Qb6 19. Rab1 Rfe8 20. Kg3 Nf6 21. Qf2 Nh5+ 22. Kf3 Qxf2+ 23. Kxf2 Nxf4 24. Bxf4 Rxc3 25. Rxc3 Bxc3 26. Bg5 f6 27. Be3 Kf7 28. Rb3 Rc8 29. Ke2 e5 30. dxe6+ Kxe6 31. d4 d5 32. Kd3 dxe4+ 33. Kxe4 Be1 34. d5+ Kd7 35. Bc5 Re8+ 36. Kd3 Re5 37. Kc4 b5+ 38. Kd4 Bf2+ 39. Kd3 Bxc5 40.
bxc5 Rxd5+ 0-1

[Event "*** Titled Tuesday 3|2 Blitz"]
[Site "Chess.com"]
[Date "2015.11.03"]
[Round "1"]
[White "Danirod"]
[Black "HansCoolNiemann"]
[Result "1-0"]
[WhiteElo "2428"]
[BlackElo "2123"]
[TimeControl "180+2"]
[EndTime "11:07:07 PST"]
[Termination "Danirod won by resignation"]

1. e4 e6 2. d4 d5 3. Nd2 c5 4. exd5 Qxd5 5. Ngf3 cxd4 6. Bc4 Qd6 7. O-O Nf6 8. Nb3 Nc6 9. Nbxd4 Nxd4 10. Qxd4 Qxd4 11.
Nxd4 Bd7 12. Rd1 Rc8 13. Bb3 Bc5 14. c3 O-O 15. Bg5 Ne4 16. Be3 Rfd8 17. f3 Nf6 18. Bf2 a5 19. a4 e5 20. Nb5 Bxf2+ 21. Kxf2 Bxb5 22. axb5 b6 23. Ke3 Kf8 24. g4 Ke7 25.
g5 Nd7 26. Rd5 f6 27. gxf6+ gxf6 28. Rg1 Nc5 29. Bc4 Rxd5 30. Bxd5 Na4 31. Rg2 Kd6 32. c4 Rc7 33. Kd3 Nxb2+ 34. Rxb2 Kc5 35. Rg2 a4 36. Kc3 Ra7 37. Ra2 h5 38. h4 f5 39. Ra3 Ra5 40. Ra1 Ra7 41. Ra2 Ra5 42. Re2 a3 43. Kb3 Kd4 44.
Ra2 e4 45. fxe4 fxe4 46. Rxa3 Rxa3+ 47. Kxa3 e3 48. Bf3 Kxc4 49. Be2+ Kc3 50. Bxh5 Kc4 51.
Ka4 Kc3 52. Ka3 Kd2 53. Kb4 Kd3 54. Bg4 Ke4 55. Be2 Kf4 56. h5 Kg3 57. Kc4 Kf2 58. Kd3 1-0

[Event "*** Titled Tuesday 3|2 Blitz"]
[Site "Chess.com"]
[Date "2015.11.03"]
[Round "1"]
[White "Iball95"]
[Black "eltenedor"]
[Result "1-0"]
[WhiteElo "2351"]
[BlackElo "1950"]
[TimeControl "180+2"]
[EndTime "11:07:18 PST"]
[Termination "Iball95 won on time"]

1. e4 d5 2. exd5 Nf6 3. c4 c6 4. d4 cxd5 5. Nc3 Nc6 6. Nf3 Bg4 7. cxd5 Nxd5 8. Qb3 Bxf3 9. gxf3 e6 10. Qxb7 Nxd4 11.
Bb5+ Nxb5 12. Qc6+ Ke7 13. Qxb5 Nxc3 14. bxc3 Rb8 15.
Qc5+ Qd6 16. Qxa7+ Kf6 17. O-O Be7 18. Qa4 g5 19. Be3 Kg6 20. Rad1 Qa3 21. Qe4+ Kg7 22. Bd4+ Bf6 23. f4 gxf4 24. Bxf6+ Kxf6 25. Qxf4+ Ke7 26. Qc7+ Kf6 27. Qf4+ Ke7 28. Qg5+ Ke8 29. Rd3 Qf8 30. Kh1 Rg8 31. Qf4 Ra8 32. Rfd1 Qe7 33. Qe4 Rc8 34. Qxh7 Qg5 35. Rg3 1-0

[Event "*** Titled Tuesday 3|2 Blitz"]
[Site "Chess.com"]
[Date "2015.11.03"]
[Round "1"]
[White "Izoria123"]
[Black "Rickstereo"]
[Result "1-0"]
[WhiteElo "2401"]
[BlackElo "2091"]
[TimeControl "180+2"]
[EndTime "11:07:25 PST"]
[Termination "Izoria123 won by resignation"]

1. e4 c5 2. Nf3 Nc6 3. Bb5 g6 4. O-O Bg7 5. Re1 Nf6 6. e5 Nd5 7. Nc3 Nc7 8. Bxc6 dxc6 9. Ne4 Ne6 10. d3 O-O 11. Be3 b6 12. Qd2 Nd4 13. Nxd4 cxd4 14. Bh6 Be6 15. Qf4 Qd5 16. Qh4 f6 17. exf6 exf6 18. Bxg7 Kxg7 19. b3 Rae8 20. Qg3 Qe5 21. Nd6 Qxg3 22. Nxe8+ Rxe8 23. hxg3 Kf7 24. Re4 c5 25. Rae1 f5 26. Re5 Bd7 27. Rxe8 Bxe8 28.
f3 Bc6 29. Kf2 h5 30. g4 hxg4 31. fxg4 f4 32. g5 Bd5 33. Re5 Bc6 34. Re1 a6 35. Rh1 Ke6 36. Rh7 Kf5 37. Ra7 1-0

[Event "*** Titled Tuesday 3|2 Blitz"]
[Site "Chess.com"]
[Date "2015.11.03"]
[Round "1"]
[White "MITerryble"]
[Black "kikydu96"]
[Result "1-0"]
[WhiteElo "2574"]
[BlackElo "2247"]
[TimeControl "180+2"]
[EndTime "11:07:26 PST"]
[Termination "MITerryble won by resignation"]

1. d4 d5 2. Nf3 Nf6 3. c4 c6 4. Nc3 dxc4 5. a4 Bg4 6. Ne5 Bh5 7. f3 e6 8. Nxc4 Bb4 9. e3 Ne4 10.
Qb3 Qh4+ 11. g3 Nxg3 12. hxg3 Bxc3+ 13. bxc3 Qxh1 14. Nd6+ Ke7 15. Qxb7+ Kf6 16. Ne4+ Kg6 17. Nf2 Qxf3 18. Qxa8 Qxg3 19. Qxa7 f5 20. Qe7 Qg5 21. Qxe6+ Qf6 22. Qxf6+ Kxf6 23. a5 Nd7 24. a6 Bf3 25. a7 c5 26. e4 cxd4 27. a8=Q Rxa8 28. Rxa8 fxe4 29. cxd4 e3 30. Ra6+ Kf5 31. Bxe3 Nf6 32. Bd3+ Be4 33. Nxe4 Nxe4 34. Ra5+ Kg4 35. Bxe4 1-0

[Event "*** Titled Tuesday 3|2 Blitz"]
[Site "Chess.com"]
[Date "2015.11.03"]
[Round "1"]
[White "BjarkeSahl"]
[Black "VovAn1991"]
[Result "0-1"]
[WhiteElo "2147"]
[BlackElo "2454"]
[TimeControl "180+2"]
[EndTime "11:07:36 PST"]
[Termination "VovAn1991 won by resignation"]

1. e4 c5 2. Nf3 d6 3. d4 cxd4 4. Nxd4 Nf6 5. Bd3 Nc6 6. Nxc6 bxc6 7. O-O g6 8. f4 Ba6 9. c4 Bg7 10. Nc3 O-O 11. Kh1 Rb8 12. Qe2 Nd7 13. Be3 Qa5 14. Rfc1 Nc5 15. Bxc5 Qxc5 16. b3 Qa5 17. Qc2 Rbc8 18.
Rab1 Qb4 19. Nd1 d5 20. Ne3 e6 21. f5 dxe4 22. Bxe4 exf5 23. Nxf5 gxf5 24. Bxf5 Rcd8 25. Bxh7+ Kh8 26. Bd3 Rd6 27. Rd1 Rh6 28. Be4 Qc5 29.
h3 Bc8 30. Qd3 a5 31. Rf1 Qg5 32. Bf5 Rd8 33. Qf3 Rf6 34. g4 Bxf5 35. gxf5 Rh6 36. Rbe1 Bf6 37. Rg1 Qh4 38. Rg4 Qxh3+ 39. Qxh3 Rxh3+ 40. Kg2 Rh5 41. Rf1 Rd2+ 42. Kf3 Rxf5+ 43. Rf4 Rxf4+ 44. Kxf4 Rxa2 45. Ke4 Kg7 0-1

[Event "*** Titled Tuesday 3|2 Blitz"]
[Site "Chess.com"]
[Date "2015.11.03"]
[Round "1"]
[White "AlexanderL"]
[Black "kleinebeer98"]
[Result "1-0"]
[WhiteElo "2539"]
[BlackElo "2227"]
[TimeControl "180+2"]
[EndTime "11:07:39 PST"]
[Termination "AlexanderL won by resignation"]

1. d4 Nf6 2. c4 e6 3. Nc3 Bb4 4. Qc2 d5 5. a3 Bxc3+ 6. Qxc3 O-O 7.
Nf3 Nbd7 8. cxd5 exd5 9. Bf4 c6 10. e3 Re8 11. Bd3 Nf8 12. O-O Ng6 13. Bg5 Qd6 14. Bxf6 Qxf6 15. Rfe1 Bf5 16. Bf1 Be4 17. Nd2 Nh4 18.
f3 Bg6 19. Kh1 Re7 20. Re2 Rae8 21. Rae1 Nf5 22. g3 Qg5 23. e4 dxe4 24. Nxe4 Qh6 25. g4 Nh4 26. Nf6+ gxf6 27. Rxe7 Rxe7 28. Rxe7 Kg7 29. Qe3 Qxe3 30. Rxe3 Kf8 31. Kg1 f5 32. Kf2 fxg4 33. fxg4 h5 34. Kg3 1-0

[Event "*** Titled Tuesday 3|2 Blitz"]
[Site "Chess.com"]
[Date "2015.11.03"]
[Round "1"]
[White "FrankieJay"]
[Black "Er_is_geen_hoop_meer"]
[Result "1-0"]
[WhiteElo "2174"]
[BlackElo "2413"]
[TimeControl "180+2"]
[EndTime "11:07:45 PST"]
[Termination "FrankieJay won by resignation"]

1. e4 c5 2. Nf3 e6 3. d4 cxd4 4.
Nxd4 Nc6 5. Nc3 Qc7 6. Be3 a6 7. Qd2 Nf6 8. f3 Be7 9. O-O-O b5 10.
Nxc6 dxc6 11. Kb1 e5 12. g4 Be6 13. g5 Nd7 14. h4 O-O 15. f4 exf4 16. Bxf4 Ne5 17.
Qh2 f6 18. Bh3 Bxh3 19. Qxh3 Kh8 20. Qe6 Rad8 21. h5 Rd6 22. Rxd6 Qxd6 23. Qxd6 Bxd6 24. g6 Nc4 25. Bxd6 Nxd6 26. Rd1 Nc4 27. b3 Ne5 28.
Rd6 hxg6 29. hxg6 Rc8 30. Ne2 Nxg6 31. Nd4 Ne5 32. Ne6 Kg8 33. Nc5 Ra8 34. Nd3 Nxd3 35. cxd3 Rc8 36. Kc2 Kf7 37. Rd7+ Kg6 38. Kd2 Rh8 39.
a4 Rh2+ 40. Kc3 Kh6 41. Rd8 Ra2 42. axb5 cxb5 43. Rh8+ Kg6 44. Kd4 Kf7 45. Ra8 g5 46. e5 f5 47. Kd5 g4 48. e6+ Kf6 49. Rf8+ Kg7 50. Rxf5 Kg6 51. Re5 Rc2 52. e7 Rc8 53. e8=Q+ Rxe8 54. Rxe8 Kf7 55. Re1 1-0

[Event "*** Titled Tuesday 3|2 Blitz"]
[Site "Chess.com"]
[Date "2015.11.03"]
[Round "1"]
[White "1random"]
[Black "AleksandrNevski"]
[Result "0-1"]
[WhiteElo "1900"]
[BlackElo "2312"]
[TimeControl "180+2"]
[EndTime "11:07:45 PST"]
[Termination "AleksandrNevski won by checkmate"]

1. e4 e5 2. Nf3 Nc6 3. Bb5 Nf6 4. O-O Nxe4 5. Re1 Nd6 6. Nxe5 Be7 7. Bf1 Nxe5 8.
Rxe5 O-O 9. Nc3 Bf6 10. Re1 b6 11. Nd5 Bb7 12. Nxf6+ Qxf6 13. d3 Rae8 14. c3 Rxe1 15.
Qxe1 Re8 16. Qd1 Nf5 17. Bf4 d6 18. Qd2 Nh4 19. Re1 Rxe1 20. Qxe1 g5 21. Qe8+ Kg7 22. Be3 c5 23. h3 Bd5 24. a3 g4 25. hxg4 Nf3+ 26.
Kh1 Qh4# 0-1

[Event "*** Titled Tuesday 3|2 Blitz"]
[Site "Chess.com"]
[Date "2015.11.03"]
[Round "1"]
[White "pKiLz5Rn9b"]
[Black "PowerThinking2650"]
[Result "1-0"]
[WhiteElo "2453"]
[BlackElo "2100"]
[TimeControl "180+2"]
[EndTime "11:07:59 PST"]
[Termination "pKiLz5Rn9b won by resignation"]

1. e4 e5 2. Nf3 Nc6 3. Bc4 Nf6 4. d3 Be7 5. O-O O-O 6. Re1 d6 7.
a4 h6 8. Nc3 Be6 9. b3 Bxc4 10.
bxc4 Nh7 11. Nd5 f5 12. exf5 Rxf5 13. Nd2 Bh4 14. Ne4 Ng5 15. Bxg5 Bxg5 16. Qg4 Rf7 17. c3 Qd7 18. Qxd7 Rxd7 19. g3 Bd8 20. a5 Rb8 21. Reb1 Kf7 22. Ne3 Ne7 23. d4 exd4 24. cxd4 c6 25.
d5 c5 26. Kg2 Ng6 27. f4 Bf6 28. Ra3 Ne7 29. Rab3 Bd4 30. Nc2 Bf6 31. Rxb7 Rbxb7 32. Rxb7 Rxb7 33. Nxd6+ Kg6 34. Nxb7 Nf5 35. Nxc5 Nd6 36. Nd3 Nxc4 37. a6 Kf5 38. Kf3 Nd2+ 39. Ke2 Nc4 40. Ne3+ Nxe3 41. Kxe3 Kg4 42. Nf2+ Kf5 43.
Kd3 h5 44. Kc4 g5 45. fxg5 Kxg5 46. Ne4+ 1-0

[Event "*** Titled Tuesday 3|2 Blitz"]
[Site "Chess.com"]
[Date "2015.11.03"]
[Round "1"]
[White "GregShahade"]
[Black "Nutflush"]
[Result "1-0"]
[WhiteElo "2315"]
[BlackElo "1920"]
[TimeControl "180+2"]
[EndTime "11:08:03 PST"]
[Termination "GregShahade won by resignation"]

1. e4 c5 2. Nf3 Nc6 3. d4 cxd4 4. Nxd4 Nf6 5. Nc3 e5 6. Ndb5 d6 7. Bg5 a6 8. Na3 b5 9. Nd5 Be7 10. Bxf6 Bxf6 11. c4 Ne7 12. Nxf6+ gxf6 13. cxb5 O-O 14. bxa6 Bxa6 15. Bxa6 Qa5+ 16. Qd2 Qxa6 17. Qe2 Qa5+ 18.
Qd2 Qa6 19. Qe2 Qa5+ 20. Kf1 Rac8 21. g3 d5 22. Kg2 dxe4 23. Qxe4 f5 24. Qh4 Qd5+ 25.
Kh3 Ng6 26. Qh5 f4 27. Rhd1 Qe6+ 28. Kg2 f5 29. b3 Qc6+ 30. Kg1 fxg3 31. hxg3 Kh8 32. Nc4 f4 33. Rd6 Qe4 34. Rd7 Nh4 35.
Qxh4 Rg8 36. Qf6+ 1-0

[Event "*** Titled Tuesday 3|2 Blitz"]
[Site "Chess.com"]
[Date "2015.11.03"]
[Round "1"]
[White "Badouuu"]
[Black "amaidel"]
[Result "0-1"]
[WhiteElo "1935"]
[BlackElo "2338"]
[TimeControl "180+2"]
[EndTime "11:08:05 PST"]
[Termination "amaidel won by resignation"]

1. e4 e6 2. d4 d5 3. Nd2 dxe4 4. Nxe4 Nd7 5. Bd3 Ngf6 6. Ng3 b6 7. Nf3 Bb7 8. O-O Be7 9. Bf4 O-O 10. c3 c5 11.
Re1 cxd4 12. Nxd4 Nc5 13. Bc2 Qd5 14. Nf3 Rad8 15. Qxd5 Nxd5 16. Be5 Bf6 17. Bxf6 Nxf6 18. Ne5 Rd2 19. Re2 Rfd8 20. Rae1 g6 21. Rxd2 Rxd2 22.
Re2 Rd8 23. h3 Ba6 24. c4 Bb7 25. Nf1 Kf8 26. Rd2 Rxd2 27. Nxd2 Ke7 28. Kf1 Ncd7 29. Nxd7 Nxd7 30. Be4 Ba6 31. Ke2 Nc5 32. Bc2 e5 33. Ke3 f5 34. b4 Ne6 35. Bb3 Kd6 36. Nf3 Bb7 37. Ne1 f4+ 38. Kd3 e4+ 39. Kc3 Ke5 40.
a4 a5 41. bxa5 bxa5 42. f3 Nc5 43. fxe4 Nxe4+ 44. Kc2 Kd4 45. Nd3 g5 46. Ne1 h6 47.
Nf3+ Ke3 48. Ne5 Nc5 49. Ng4+ Ke2 50. Nxh6 Bxg2 51. Nf7 f3 52. Nxg5 f2 53. Ne6 Nxe6 54. c5 Nd4+ 55. Kc3 Nxb3 56. c6 f1=Q 57. c7 Qc1+ 0-1

[Event "*** Titled Tuesday 3|2 Blitz"]
[Site "Chess.com"]
[Date "2015.11.03"]
[Round "1"]
[White "jbj"]
[Black "ilmago"]
[Result "1-0"]
[WhiteElo "2306"]
[BlackElo "1897"]
[TimeControl "180+2"]
[EndTime "11:08:06 PST"]
[Termination "jbj won by resignation"]

1. e4 c5 2. d4 cxd4 3. c3 dxc3 4.
Nxc3 a6 5. Nf3 e6 6. Bc4 b5 7. Bb3 Bb7 8. O-O d6 9. Qe2 Nd7 10. Rd1 Ngf6 11. Bf4 Qb8 12. Ng5 Nc5 13. e5 Nxb3 14.
exf6 gxf6 15. Nxe6 fxe6 16. Qxe6+ Be7 17. Bxd6 Qd8 18.
axb3 Qd7 19. Qe2 Kf7 20. Qh5+ Kg7 21. Bxe7 Qxe7 22. Qg4+ Kf8 23. Rd7 Bc8 24. Qf3 Bxd7 25. Qxa8+ Kg7 26. Qxa6 Re8 27. h3 b4 28. Nd5 Qe6 29.
Nxb4 Qxb3 30. Qd6 Be6 31. Ra7+ Bf7 32. Nd3 Qd1+ 33. Kh2 Qe2 34. Qg3+ Kf8 35. Nf4 Qxb2 36. Nh5 f5 37. Qd6+ Kg8 38. Nf6+ Kg7 39. Nxe8+ Kg8 40. Qg3+ 1-0

[Event "*** Titled Tuesday 3|2 Blitz"]
[Site "Chess.com"]
[Date "2015.11.03"]
[Round "1"]
[White "Moltini"]
[Black "Mugzyyy"]
[Result "1-0"]
[WhiteElo "2232"]
[BlackElo "2455"]
[TimeControl "180+2"]
[EndTime "11:08:07 PST"]
[Termination "Moltini won by checkmate"]

1. d4 d5 2. c4 e6 3. Nc3 a6 4.
cxd5 exd5 5. Nf3 g6 6. g3 Bg7 7. Bg2 Ne7 8. O-O O-O 9. Bf4 Be6 10. Rc1 Nbc6 11. Na4 b6 12. Qd2 Qd7 13. Rfd1 Rac8 14. Qd3 Nxd4 15. Nxd4 Qxa4 16. Nxe6 fxe6 17. Bxc7 Bxb2 18.
Rc2 Be5 19. Rdc1 Bxc7 20. Rxc7 Qxa2 21. Qe3 d4 22. Qh6 Qa3 23. Bh3 Qd6 24. Ra7 Rxc1+ 25. Qxc1 b5 26. Qa1 Nf5 27. Rxa6 Qe5 28. Qa2 Rf6 29.
Qd2 Nd6 30. Ra7 Rxf2 31. Qh6 Qf6 32. Bxe6+ Qxe6 33. Qg7# 1-0

[Event "*** Titled Tuesday 3|2 Blitz"]
[Site "Chess.com"]
[Date "2015.11.03"]
[Round "1"]
[White "GMHess"]
[Black "stefanodinn"]
[Result "1-0"]
[WhiteElo "2439"]
[BlackElo "2128"]
[TimeControl "180+2"]
[EndTime "11:08:12 PST"]
[Termination "GMHess won by resignation"]

1. b3 d5 2. Bb2 Bg4 3. h3 Bh5 4. g4 Bg6 5. Nf3 Nd7 6. d3 e6 7. Nbd2 h5 8. g5 c6 9. Rg1 Qb6 10.
e3 Ne7 11. Nh4 e5 12. Qe2 O-O-O 13. O-O-O Nf5 14. Nxg6 fxg6 15. Nf3 Bd6 16. e4 Nd4 17. Nxd4 exd4 18. exd5 Rde8 19. Qf3 Rhf8 20. Qg2 c5 21. Kb1 Ne5 22. Be2 Kb8 23. Rde1 Re7 24. Bd1 Ref7 25. Rgf1 a5 26. Bc1 Nf3 27. Re6 c4 28. dxc4 Qc5 29. Bxf3 Rxf3 30. Re8+ Ka7 31. Rxf8 Rxf8 32. f4 a4 33. Qe4 a3 34. Rd1 1-0

[Event "*** Titled Tuesday 3|2 Blitz"]
[Site "Chess.com"]
[Date "2015.11.03"]
[Round "1"]
[White "Boryboy"]
[Black "StoreySniper"]
[Result "1-0"]
[WhiteElo "2456"]
[BlackElo "2150"]
[TimeControl "180+2"]
[EndTime "11:08:13 PST"]
[Termination "Boryboy won on time"]

1. d4 g6 2. Nf3 Bg7 3. g3 c5 4. Bg2 cxd4 5. Nxd4 Nc6 6. Nb3 d6 7. c4 Bd7 8. O-O Rc8 9. c5 Be6 10. cxd6 Qxd6 11. Qxd6 exd6 12. Rd1 Ke7 13. Nc3 Bxc3 14. bxc3 Nf6 15. Ba3 Rhd8 16. Rd2 b6 17. Rad1 Ne8 18. Nd4 Nxd4 19. cxd4 Bc4 20. e4 Kd7 21. d5 Rb8 22.
Bh3+ Kc7 23. Rc1 b5 24. Bf1 Kd7 25. Bxc4 bxc4 26. Rxc4 Rdc8 27. Ra4 Rc7 28. Ra6 Rb6 29. Rxb6 axb6 30. Bb2 Ra7 31. Bd4 Kc7 32. Rb2 Ra6 33. g4 Kb7 34. f3 Nc7 35. Kf2 b5 36. Kg3 Ra4 37. Bf6 Kc8 38. Kh4 h6 39. Bg7 Ra3 40. Rf2 h5 41. gxh5 gxh5 42. Kxh5 Kd7 43. Kg5 Ne8 44.
Bf6 Rd3 45. h4 Rd1 46. Rh2 Rg1+ 47. Kf5 Rg6 48. Bd4 Ke7 49. h5 Rg3 50. h6 Rxf3+ 51. Kg4 Rd3 52. Bb2 1-0

[Event "*** Titled Tuesday 3|2 Blitz"]
[Site "Chess.com"]
[Date "2015.11.03"]
[Round "1"]
[White "joppie2"]
[Black "metalbattler"]
[Result "1-0"]
[WhiteElo "2344"]
[BlackElo "1940"]
[TimeControl "180+2"]
[EndTime "11:08:13 PST"]
[Termination "joppie2 won by checkmate"]

1. e4 e5 2. Nf3 Nc6 3. Bb5 Nf6 4.
d3 Bc5 5. O-O d6 6. c3 O-O 7.
Re1 Ne7 8. d4 exd4 9. cxd4 Bb6 10. Nc3 Bg4 11. Be3 Ng6 12. h3 Bxf3 13. Qxf3 c6 14. Bd3 Re8 15. Rad1 d5 16. e5 Nd7 17. g3 Ndf8 18. h4 Ne6 19. h5 Ngf8 20. Qg4 Qe7 21. Bc2 Rad8 22. Kg2 Qb4 23. Rd2 c5 24. a3 Qa5 25. dxc5 Bxc5 26. b4 Qxa3 27. Nxd5 Rxd5 28. Rxd5 Bxb4 29. Red1 Qc3 30. Bf5 Ba5 31. Qa4 Bb6 32.
Qxe8 Bxe3 33. Bxe6 fxe6 34. Qxf8+ Kxf8 35. Rd8+ Ke7 36. R1d7# 1-0

[Event "*** Titled Tuesday 3|2 Blitz"]
[Site "Chess.com"]
[Date "2015.11.03"]
[Round "1"]
[White "cassoulet"]
[Black "Sadovsky_Artem"]
[Result "1-0"]
[WhiteElo "2266"]
[BlackElo "2462"]
[TimeControl "180+2"]
[EndTime "11:08:15 PST"]
[Termination "cassoulet won on time"]

1. e4 g6 2. h4 Bg7 3. h5 c6 4. d4 d5 5. e5 Nh6 6. Bd3 c5 7.
dxc5 Nc6 8. Nf3 Ng4 9. Nc3 Ngxe5 10. Nxe5 Bxe5 11. Qe2 e6 12. Nb5 a6 13. Nd6+ Bxd6 14. cxd6 Qxd6 15. hxg6 Qe5 16. Qxe5 Nxe5 17. Rxh7 Rg8 18.
g7 f6 19. Be2 Kf7 20. Bh5+ Ng6 21. Bh6 e5 22. O-O-O d4 23. f4 Bf5 24. g4 Be4 25. f5 Rac8 26. Bxg6+ Ke7 27. Rd2 b5 28. g5 b4 29. b3 d3 30. Rh8 Rxh8 31. gxh8=Q Rxh8 32.
cxd3 Bd5 33. Kb2 Rc8 34. Re2 Bf3 35. Rf2 Bd1 36. Bg7 fxg5 37. Bxe5 g4 38. f6+ Ke6 39.
Bf5+ Kxe5 40. Bxc8 g3 41. f7 gxf2 42. f8=Q f1=Q 43. Qxf1 1-0

[Event "*** Titled Tuesday 3|2 Blitz"]
[Site "Chess.com"]
[Date "2015.11.03"]
[Round "1"]
[White "jup1978"]
[Black "jcibarra"]
[Result "0-1"]
[WhiteElo "2200"]
[BlackElo "2505"]
[TimeControl "180+2"]
[EndTime "11:08:17 PST"]
[Termination "jcibarra won by resignation"]

1. e4 c5 2. Nf3 e6 3. g3 Nc6 4. Bg2 Nf6 5. e5 Ng4 6. O-O Ngxe5 7. c3 Nd3 8. Qe2 Nxc1 9. Rxc1 Be7 10.
d4 d5 11. Nbd2 cxd4 12. Nxd4 O-O 13. N2f3 Bf6 14. h4 Re8 15. Nxc6 bxc6 16. c4 Ba6 17.
Ne5 Qd6 18. Re1 Qxe5 19. Qxe5 Bxe5 20. Rxe5 Bxc4 21. b3 Ba6 22. Rc1 Rac8 23. Rc5 Bb7 24. f4 Kf8 25. Re1 Ke7 26. b4 Kd6 27. Rec1 Re7 28.
Kf2 Ba6 29. a4 Bc4 30. Bf1 Bxf1 31. Kxf1 Rb7 32. Ra5 Rcc7 33. Rb1 Rb6 34. Ke2 Rcb7 35. b5 c5 36. Rc1 c4 37. Ke3 Kc5 38. g4 Kb4 39.
Ra6 Rxa6 40. bxa6 Rb6 41. Kd4 Ka5 42. f5 Kxa6 43. fxe6 fxe6 44. Rf1 Rb7 45. Re1 Rb6 46. Rf1 Rc6 47. Kc3 e5 48. Rf5 d4+ 49. Kc2 Rc5 50. g5 c3 0-1